 Dungeon Crawl Stone Soup version 0.30.0 (webtiles) character file.

Game seed: 2980459307450032098

27993 samcosmo the Earth Mage (level 13, -2/86 HPs)
             Began as a Gargoyle Earth Elementalist on Nov 2, 2023.
             Killed by divine providence
             ... invoked by a balrug
              (14 damage)
             ... on level 3 of the Abyss on Nov 20, 2023.
             The game lasted 01:05:46 (14854 turns).

samcosmo the Earth Mage (GrEE)                     Turns: 14854, Time: 01:05:47

Health: -2/86      AC: 27    Str:  8      XL:     13   Next: 36%
Magic:  23/24      EV:  3    Int: 15 (17) God:
Gold:   1465       SH: 23    Dex:  5 (6)  Spells: 28/38 levels left

rFire   + + .        c - +3 dagger (speed)
rCold   x . .        H - +18 shield of the Gong {Loud rN+ Will+ rCorr EV-5}
rNeg    + + .        G - +4 steam dragon scales
rPois   ∞            z - +2 helmet
rElec   +            L - scarf {rC+ rF+}
rCorr   +            j - +2 pair of gloves
SInv    .            y - +2 pair of boots
Will    +....        (no amulet)
Stlth   +            m - ring of protection from fire
HPRegen 0.34/turn    (no ring)
MPRegen 0.19/turn

%: random rage (9%)
@: about to teleport, unable to read, unable to drink
A: sickness immunity, AC +9, negative energy resistance 1, electricity
resistance, torment resistance 1, petrification resistance, [berserk 2], [clumsy
2], [deterioration 2], [dopey 2], [low MP 2], [weak 2], [cold vulnerability 2],
[inability to drink after injury 1], [inability to read after injury 2]
a: no special abilities


You were on level 3 of the Abyss.
You visited 2 branches of the dungeon, and saw 12 of its levels.
You visited the Abyss 1 time.
You also visited: Sewer and Bailey.

You collected 1465 gold pieces.

Inventory:

Hand Weapons
 c - a +3 dagger of speed (weapon)
 f - a +1 short sword of flaming
Armour
 a - a +2 robe
 j - a +2 pair of gloves (worn)
 o - a +0 pair of boots
 t - a +2 leather armour of fire resistance
 y - a +2 pair of boots (worn)
 z - a +2 helmet (worn)
 G - +4 steam dragon scales (worn)
 H - the +18 shield of the Gong (worn) {Loud rN+ Will+ rCorr EV-5}
   (You found it in a bailey)

   Loud:      It is deafeningly noisy when blocking attacks.
   EV:        It affects your evasion (-5).
   rN:        It protects you from negative energy.
   rCorr:     It protects you from acid and corrosion.
   Will:      It increases your willpower.
 L - a scarf of resistance (worn)
Jewellery
 m - a ring of protection from fire (left hand)
Wands
 d - a wand of roots (4)
 x - a wand of paralysis (2)
 C - a wand of flame (13)
Scrolls
 i - a scroll of identify
 p - a scroll of teleportation
 q - 2 scrolls of fog
 B - 3 scrolls of enchant weapon
 E - a scroll of brand weapon
 F - a scroll of magic mapping
 I - 3 scrolls of amnesia
 J - a scroll of silence
 K - a scroll of poison
Potions
 e - 4 potions of cancellation
 g - a potion of haste
 h - 6 potions of heal wounds
 k - a potion of invisibility
 l - a potion of might {unknown}
 n - 3 potions of mutation {unknown}
 r - 2 potions of attraction {unknown}
 s - 3 potions of degeneration
 u - a potion of lignification {unknown}
 v - 2 potions of resistance {unknown}
 w - 5 potions of curing
 A - a potion of flight {unknown}
 D - a potion of ambrosia


   Skills:
 + Level 12.3 Fighting
 - Level 1.5 Dodging
 - Level 2.1 Stealth
 + Level 13.0 Spellcasting
 - Level 0.7 Transmutations
 * Level 16.2 Earth Magic


You had 28 spell levels left.
You knew the following spells:

 Your Spells              Type           Power      Damage    Failure   Level
a - Sandblast             Erth           100%       2d20      1%          1
b - Passwall              Tmut/Erth      29%        N/A       2%          2
c - Stone Arrow           Conj/Erth      68%        3d11      5%          3
d - Petrify               Tmut/Erth      35%        N/A       16%         4

Your spell library contained the following spells:

 Spells                   Type           Power      Damage    Failure   Level
 Apportation              Tloc           18%        N/A       45%         1
 Freeze                   Ice            36%        1d5       45%         1
 Blink                    Tloc           18%        N/A       61%         2
 Frozen Ramparts          Ice            18%        1d3       83%         3
 Hailstorm                Conj/Ice       9%         3d4       83%         3
 Tukima's Dance           Hex            9%         N/A       83%         3
 Manifold Assault         Tloc           9%         N/A       99%         4
 Passage of Golubria      Tloc           9%         N/A       99%         4
 Alistair's Intoxication  Tmut/Pois      6%         N/A       100%        5
 Yara's Violent Unravell  Hex/Tmut       5%         3d4       100%        5
 Storm Form               Tmut/Air       5%         N/A       100%        7


Dungeon Overview and Level Annotations

Branches:
Dungeon (11/15)            Temple (1/1) D:6            Lair (0/5) D:10
  Sewer (visited)          Bailey (visited)
    Orc: D:9-12

Altars:
Ashenzari
Cheibriados
Dithmenos
Elyvilon
Fedhas
Gozag
Hepliaklqana
Kikubaaqudgha
Makhleb
Nemelex Xobeh
Okawaru
Qazlal
Ru
Sif Muna
Trog
Uskayaw
Vehumet
Wu Jian
Xom
Yredelemnul
Zin
The Shining One

Shops:
D:1 *   D:2 (   D:8 =

Annotations:
D:11 Erolcha


Innate Abilities, Weirdness & Mutations

You are immune to sickness and miasma.
Your stone body is resilient. (AC +9)
You are immune to poison.
You resist negative energy. (rN+)
You are resistant to electric shocks. (rElec)
You are resistant to unholy torment.
You are immune to petrification.
[You have an uncontrollable temper.]
[You are very clumsy. (Dex -4)]
[Your body often deteriorates upon taking damage.]
[You are very dopey. (Int -4)]
[Your magical capacity is very low. (-20% MP)]
[You are very weak. (Str -4)]
[You are very vulnerable to cold. (rC--)]
[You occasionally lose the ability to drink potions when taking damage.]
[You sometimes lose the ability to read scrolls when taking damage.]


Message History

Casting: Passwall (safe; 2% risk of failure)
Confirm with . or Enter, or press ? or * to list all spells.
You're being held away from the wall.
Magic courses through your body. The starspawn tentacle constricts you.
Okay, then.
Okay, then.
You can't see any enemies this would affect, really read the scroll of poison?
Okay, then.
As you read the scroll of teleportation, it crumbles to dust.
You feel strangely unstable.
You feel the power of the Abyss delaying your translocation!
The balrug gestures at you. Something smites you!
You feel threatened and lose the ability to read scrolls!
You feel threatened and lose the ability to drink potions!
* * * LOW HITPOINT WARNING * * *
Your body deteriorates!
You feel dopey.
The ynoxinul gestures.
The tentacled starspawn bites you!
* * * LOW HITPOINT WARNING * * *
You block the tentacled starspawn's attack.
BOUMMMMG!
The starspawn tentacle constricts you.
You hear a shout!
You hear a faint skittering sound.
You hear a horrible gurgling sound!
You hear a chilling moan.
You hear a shout!
You hear a roar!
You cannot drink potions in your current state!
You escape the starspawn tentacle's grasp.
The starspawn tentacle grabs you. The starspawn tentacle constricts you.
Unknown command.
You cannot read scrolls in your current state!
You cannot drink potions in your current state!
Casting: Passwall (safe; 2% risk of failure)
Confirm with . or Enter, or press ? or * to list all spells.
You're being held away from the wall.
You barely miss the tentacled starspawn.
The starspawn tentacle loses its grip on you.
The balrug gestures at you. Something smites you!
You die...

#. # Wx#..
.#..
.##z.##.#.
#.# ###..#
#.5#...## .
3#X#...# .
#2.###.# #
#.Λ..#...
#Xw│#.#.#.#
#@#│.#..X
.. #w##..#
# #│ #.# #.
#. .# #. #.
.# ## #


You could see a tentacled starspawn, a balrug, a large abomination, a ynoxinul,
2 starspawn tentacles and an ufetubus (summoned).

Vanquished Creatures
  A dancing weapon (D:8)
  A two-headed ogre (D:9)
  3 death yaks (D:9)
  Urug (D:10)
  An orc high priest (Bailey)
  The ghost of BigFatTexta the Protected, a novice GrFi of Okawaru (D:8)
  A sixfirhy (Abyss:1)
  2 wretched stars (Abyss:3)
  An orb spider (Abyss:1)
  The ghost of character the Cleaver, a novice MiFi (D:6)
  2 orc knights (Bailey)
  An orc sorcerer (Abyss:3)
  A manticore (D:11)
  A cyclops (D:11)
  4 smoke demons
  Maggie (D:6)
  4 kobold demonologists
  Psyche (D:10)
  2 ancient zymes (Abyss:3)
  2 trolls
  A harpy zombie (Abyss:1)
  Prince Ribbit (D:5)
  5 blink frogs (Abyss:1)
  4 hornets
  2 large abominations
  A raiju (Abyss:3)
  16 yaks
  Eustachio (D:5)
  A wyvern (D:7)
  3 golden eyes (Abyss:3)
  A chaos spawn (Abyss:3)
  A neqoxec (Abyss:3)
  4 steam dragons
  8 vampire mosquitoes
  Edmund (D:5)
  2 water moccasins
  Duvessa (D:7)
  2 ice beasts
  6 orc warriors (Bailey)
  2 black bears
  7 centaurs
  3 ogres
  3 small abominations
  2 bullfrogs (D:8)
  7 kobold brigands
  3 scorpions
  2 gnoll sergeants
  14 wights
  Dowan (D:7)
  24 killer bees
  4 electric eels (Bailey)
  4 howler monkeys
  A crimson imp (D:8)
  5 jellies
  A lava snake (D:8)
  An orc priest (D:5)
  A gnoll bouda (D:8)
  4 hounds
  A sleepcap (D:4)
  An iguana (D:6)
  Ijyb (D:3)
  An orc wizard (D:5)
  A hell rat (D:9)
  Robin (D:3)
  17 gnolls
  5 river rats
  4 adders
  A shadow imp (D:6)
  A white imp (D:8)
  3 ufetubi
  7 worms
  2 dart slugs
  24 orcs
  18 endoplasms
  14 giant cockroaches
  17 goblins
  14 hobgoblins
  4 quokkas
  7 ball pythons
  8 bats
  6 frilled lizards
  36 kobolds
  11 rats
387 creatures vanquished.

Vanquished Creatures (others)
  A wretched star (Abyss:1)
  A large abomination (Abyss:2)
  2 small abominations (Abyss:1)
  4 starspawn tentacles (Abyss:3)
8 creatures vanquished.

Grand Total: 395 creatures vanquished

Notes
Turn   | Place    | Note
-------+----------+-------------------------------------------
     0 | D:1      | samcosmo the Gargoyle Earth Elementalist began the quest
                  | for the Orb.
     0 | D:1      | Reached XP level 1. HP: 10/10 MP: 3/3
   149 | D:1      | Reached XP level 2. HP: 16/16 MP: 0/5
   324 | D:1      | Reached skill level 1 in Fighting
   514 | D:1      | Reached skill level 4 in Earth Magic
   541 | D:1      | Reached XP level 3. HP: 20/20 MP: 5/7
   585 | D:1      | Learned a level 2 spell: Passwall
   589 | D:1      | Learned a level 3 spell: Stone Arrow
   700 | D:1      | Found Sievoofa's Assorted Antiques.
  1394 | D:2      | Found Ufevoa's Weapon Shoppe.
  1661 | D:3      | Noticed a scorpion
  1680 | D:3      | Killed a scorpion
  1681 | D:3      | Reached XP level 4. HP: 12/26 MP: 0/9
  1786 | D:3      | Reached XP level 5. HP: 30/30 MP: 5/10
  1854 | D:3      | Noticed Robin
  1856 | D:3      | Noticed Ijyb
  1872 | D:3      | Killed Robin
  1899 | D:3      | Found a sacrificial altar of Ru.
  1979 | D:3      | Found a blossoming altar of Fedhas.
  1998 | D:3      | Found a burning altar of Makhleb.
  1998 | D:3      | Found a shadowy altar of Dithmenos.
  2000 | D:3      | Found a glowing golden altar of the Shining One.
  2000 | D:3      | Found a shimmering blue altar of Sif Muna.
  2000 | D:3      | Found a shimmering altar of Xom.
  2061 | D:3      | Found a sparkling altar of Nemelex Xobeh.
  2102 | D:3      | Killed Ijyb
  2381 | D:4      | Found a glowing drain.
  2388 | Sewer    | Entered a sewer
  2599 | Sewer    | Reached skill level 5 in Earth Magic
  2599 | Sewer    | Reached XP level 6. HP: 36/36 MP: 8/12
  2848 | Sewer    | Found a viscous altar of Jiyva.
  3376 | D:4      | Found the +7 Throatcutter {drain, coup de grace}
  3636 | D:5      | Entered Level 5 of the Dungeon
  3647 | D:5      | Found a white marble altar of Elyvilon.
  3655 | D:5      | Noticed Prince Ribbit
  3664 | D:5      | Killed Prince Ribbit
  3665 | D:5      | Reached skill level 5 in Spellcasting
  3665 | D:5      | Reached XP level 7. HP: 28/43 MP: 10/15
  3727 | D:5      | Reached skill level 6 in Earth Magic
  3749 | D:5      | Found a snail-covered altar of Cheibriados.
  3845 | D:5      | Noticed Eustachio
  3851 | D:5      | Killed Eustachio
  3852 | D:5      | Reached XP level 8. HP: 39/48 MP: 10/17
  4055 | D:5      | Noticed Edmund
  4063 | D:5      | Killed Edmund
  4064 | D:5      | Reached skill level 5 in Fighting
  4141 | D:5      | Found an iron altar of Okawaru.
  4310 | D:5      | Reached skill level 7 in Earth Magic
  4726 | D:6      | Found a transporter.
  4740 | D:6      | Found a transporter.
  4741 | D:6      | Noticed character's ghost (novice MiFi)
  4785 | D:6      | Reached XP level 9. HP: 55/55 MP: 14/20
  5218 | D:6      | Found a staircase to the Ecumenical Temple.
  5227 | Temple   | Entered the Ecumenical Temple
  5648 | D:6      | Reached skill level 8 in Earth Magic
  5696 | D:6      | Noticed Maggie
  5708 | D:6      | Killed Maggie
  6178 | D:7      | Noticed a hornet
  6186 | D:7      | Killed a hornet
  6822 | D:7      | Found a shadowy altar of Dithmenos.
  7242 | D:7      | Noticed Dowan
  7248 | D:7      | Killed Dowan
  7250 | D:7      | Noticed Duvessa
  7259 | D:7      | Killed Duvessa
  7260 | D:7      | Reached skill level 9 in Earth Magic
  7260 | D:7      | Reached XP level 10. HP: 28/63 MP: 10/23
  7764 | D:8      | Found a runed translucent door.
  7918 | D:8      | Found Woybigh's Jewellery Boutique.
  7970 | D:8      | Reached skill level 10 in Spellcasting
  8079 | D:8      | Found a shimmering altar of Xom.
  8079 | D:8      | Noticed BigFatTexta's ghost (novice GrFi)
  8229 | D:8      | Found a burning altar of Makhleb.
  8230 | D:8      | Found a radiant altar of Vehumet.
  8369 | D:8      | Noticed a +2 dagger of chaos
  8790 | D:6      | Killed character's ghost
  8791 | D:6      | Reached skill level 10 in Earth Magic
  9018 | D:9      | Noticed a two-headed ogre
  9034 | D:9      | Killed a two-headed ogre
  9257 | D:9      | Reached XP level 11. HP: 69/69 MP: 16/25
  9370 | D:9      | Found a flagged portal.
  9377 | Bailey   | Entered a bailey
  9383 | Bailey   | Learned a level 4 spell: Petrify
  9626 | Bailey   | Noticed an orc knight
  9776 | Bailey   | Killed an orc knight
  9975 | Bailey   | Reached skill level 11 in Earth Magic
  9990 | Bailey   | Found the +18 shield of the Gong {Loud rN+ Will+ rCorr
                  | EV-5}
 10117 | Bailey   | Noticed an orc high priest
 10124 | Bailey   | Killed an orc high priest
 10249 | Bailey   | Acquired 813 gold pieces
 10426 | Bailey   | Found an iron altar of Okawaru.
 10426 | Bailey   | Noticed an orc knight
 10430 | Bailey   | Noticed a sun demon
 10432 | Bailey   | Noticed a soul eater
 10452 | Bailey   | Killed an orc knight
 11002 | D:9      | Reached skill level 12 in Earth Magic
 11058 | D:9      | Reached skill level 10 in Fighting
 11558 | D:9      | Found a glowing golden altar of the Shining One.
 11576 | D:10     | Entered Level 10 of the Dungeon
 11576 | D:10     | Noticed Urug
 11750 | D:8      | Killed a +2 dagger of chaos
 11758 | D:8      | Killed BigFatTexta's ghost
 11952 | D:10     | Killed Urug
 12079 | D:9      | Reached XP level 12. HP: 60/78 MP: 25/27
 12092 | D:9      | Reached skill level 13 in Earth Magic
 12280 | D:10     | Noticed Psyche
 12282 | D:10     | Killed Psyche
 12285 | D:10     | Noticed a death yak
 12286 | D:10     | Noticed a death yak
 12287 | D:10     | Noticed a death yak
 12369 | D:9      | Killed a death yak
 12376 | D:9      | Killed a death yak
 12580 | D:9      | Killed a death yak
 12832 | D:10     | Reached skill level 14 in Earth Magic
 13207 | D:10     | Found a shimmering blue altar of Sif Muna.
 13242 | D:10     | Found a staircase to the Lair.
 13785 | D:11     | Noticed Erolcha
 13802 | Abyss:1  | Cast into level 1 of the Abyss (Erolcha)
 13994 | Abyss:1  | Reached skill level 15 in Earth Magic
 14018 | Abyss:1  | Noticed a thrashing horror
 14028 | Abyss:1  | Noticed a thrashing horror
 14138 | Abyss:1  | Noticed a deep elf elementalist
 14171 | Abyss:1  | Noticed a wretched star
 14180 | Abyss:1  | Killed a wretched star
 14181 | Abyss:1  | Reached XP level 13. HP: 31/85 MP: 3/29
 14185 | Abyss:1  | Noticed a bone dragon
 14186 | Abyss:1  | Noticed a tentacled starspawn
 14362 | Abyss:2  | Found a corrupted altar of Lugonu.
 14384 | Abyss:3  | Found a corrupted altar of Lugonu.
 14391 | Abyss:3  | Noticed a brown very ugly thing
 14391 | Abyss:3  | Noticed a brown very ugly thing
 14392 | Abyss:3  | Noticed a brown very ugly thing
 14656 | Abyss:3  | Reached skill level 16 in Earth Magic
 14713 | Abyss:3  | Noticed a tentacled starspawn
 14767 | Abyss:3  | Noticed a starcursed mass
 14769 | Abyss:3  | Noticed a bone dragon
 14847 | Abyss:3  | Noticed a tentacled starspawn
 14847 | Abyss:3  | Noticed a balrug
 14854 | Abyss:3  | Killed from afar by a balrug

Illustrated notes

Levels and vault maps discovered:
D:1:      psy_arrival_conway, layout_basic, serial_shops,
          nicolae_shop_behind_doors
D:2:      layout_loops_ring, serial_shops, nicolae_shop_crystal
D:3:      layout_basic, doesnt_xom_only_xom, nemelex_xobeh_ov_fountains_minmay,
          nicolae_ru_awakened_eye, serial_glass, glass_columns_a,
          glass_columns_c, glass_columns_a, glass_columns_a, glass_columns_b,
          nicolae_goblin_pals
D:4:      layout_basic, gup_sewer_entry_bubbles
D:5:      layout_basic, slow_altar_1, elyvilon_altar_4, okawaru_metal_pillars_3,
          dk_vineyard_3, kennysheep_cross_bottleneck, minmay_statues_item,
          minmay_misc_feat_tower, nicolae_nh_ransacked_shop, uniq_edmund,
          uniq_prince_ribbit1, uniq_eustachio
D:6:      layout_basic, lemuel_temple_firewalk_b, gammafunk_ghost_hive,
          uniq_maggie
D:7:      layout_basic, mainiacjoe_overflow_six_doors_small, uniq_duvessa
D:8:      layout_cave_pools, grunt_temple_overflow_lords_of_destruction,
          serial_shops, nicolae_inconvenience_store, ebering_ghost_xom,
          minmay_microvault
D:9:      layout_loops_corners, tso_oasis_becter, enter_bailey_3
D:10:     layout_rooms, general_overflow_altar, dpeg_lair_monsters, uniq_urug,
          uniq_psyche
D:11:     layout_basic, orc_0_dummy, uniq_erolcha
Temple:   nicolae_temple_bog_church
Abyss:3:  base: D:4, hangedman_decor_lopped, spicy_abyss_unhelpful_harpoons

Skill      XL: |  1  2  3  4  5  6  7  8  9 10 11 12 13 |
---------------+----------------------------------------+-----
Fighting       | 1 2 4 5 7 8 10 11 12 | 12.3
Earth Magic    | 4 5 6 7 9 10 12 15 16 | 16.2
Spellcasting   | 3 4 5 6 7 9 10 11 12 13 | 13.0
Dodging        | |  1.5
Stealth        | |  2.1
Transmutations | |  0.7

Action                     |  1- 3 |  4- 6 |  7- 9 | 10-12 | 13-15 || total
---------------------------+-------+-------+-------+-------+-------++-------
  Melee: Unarmed           |    12 |       |       |       |       ||    12
         Dagger            |    12 |       |       |     3 |    21 ||    36
         Short sword       |       |    14 |     4 |       |       ||    18
   Cast: Sandblast         |    57 |   106 |   158 |   373 |    47 ||   741
         Stone Arrow       |       |       |     1 |    95 |    27 ||   123
         Petrify           |       |       |       |     8 |       ||     8
         Passwall          |       |       |       |     1 |     6 ||     7
    Use: Scroll            |     7 |     3 |     6 |    15 |     3 ||    34
         Potion            |       |       |       |     2 |     6 ||     8
 Armour: Robe              |    19 |    31 |    66 |    90 |       ||   206
         Steam dragon scal |       |       |       |   148 |    57 ||   205
  Dodge: Dodged            |    24 |    33 |    55 |   164 |     9 ||   285
  Block: Kite shield       |       |       |       |   326 |   120 ||   446
